 Dungeon Crawl Stone Soup version 0.28-a0-695-gff097466f2 (webtiles) character file.

Game seed: 5874842940835524613

2285 1994 the Poker (level 9, 0/70 (71) HPs)
             Began as a Human Cinder Acolyte on Oct 22, 2021.
             Was a High Priest of Ignis.
             Slain by a centaur warrior (10 damage)
             ... on level 8 of the Dungeon.
             The game lasted 00:25:11 (11178 turns).

1994 the Poker (Human Cinder Acolyte)              Turns: 11178, Time: 00:25:12

HP:   0/70 (71)     AC:  6    Str: 14    XL:     9   Next: 66%
MP:   3/12          EV: 11    Int: 15    God:    Ignis [*****.]
Gold: 370           SH:  5    Dex: 12    Spells: 5/12 levels left

rFire   + . .      SeeInvis .   a - -1 spear (flame)
rCold   . . .      Faith    .   l - +0 buckler
rNeg    . . .      Spirit   .   d - +0 ring mail
rPois   .          Reflect  .   (helmet currently unavailable)
rElec   .          Harm     .   y - +0 cloak {Will+}
rCorr   .          Rampage  .   (no gloves)
Will    +....                   (boots currently unavailable)
Stlth   +.........              (no amulet)
HPRegen 0.21/turn               (no ring)
MPRegen 0.13/turn               (no ring)

@: appendages, lightly drained
A: horns 2, talons 2
a: End Transformation, Renounce Religion, Sea of Fire, Foxfire Swarm, Rising
Flame


You were on level 8 of the Dungeon.
You worshipped Ignis.
Ignis was extremely pleased with you.
You had temporarily grown beastly horns and talons.
You visited 2 branches of the dungeon, and saw 9 of its levels.
You also visited: Sewer.

You collected 370 gold pieces.

Inventory:

Hand Weapons
 a - a -1 spear of flaming (weapon)
 b - a +0 trident
 v - a +2 short sword of venom
 B - a +0 dagger of electrocution
 H - a +3 halberd
Missiles
 o - 5 datura-tipped darts
 w - 8 poisoned darts (quivered)
Armour
 d - a +0 ring mail (worn)
 l - a +0 buckler (worn)
 p - a +0 leather armour
 y - a +0 cloak of willpower (worn)
Magical Staves
 A - a staff of death
Wands
 m - a wand of acid (4)
 u - a wand of flame (34)
 D - a wand of polymorph (7)
Scrolls
 c - a scroll of fog
 f - a scroll of holy word {unknown}
 k - a scroll of blinking {unknown}
 q - a scroll of teleportation
 r - a scroll of immolation
 z - a scroll of enchant armour {unknown}
 E - a scroll of vulnerability {unknown}
 F - a scroll of brand weapon {unknown}
Potions
 e - 5 potions of flight
 g - a potion of lignification
 h - a potion of brilliance
 i - 4 potions of attraction
 j - a potion of haste
 n - a potion of curing
 s - a potion of might {unknown}
 t - a potion of magic {unknown}
 x - 3 potions of heal wounds
 C - a potion of degeneration {unknown}
 G - a potion of berserk rage {unknown}


   Skills:
 * Level 6.7 Fighting
 * Level 6.8 Polearms
 + Level 1.1 Armour
 + Level 3.1 Dodging
 - Level 4.0 Shields
 - Level 2.0 Spellcasting
 + Level 3.1 Transmutations
 - Level 5.0 Fire Magic
 + Level 3.2 Earth Magic


You had 5 spell levels left.
You knew the following spells:

 Your Spells              Type           Power      Damage    Failure   Level
a - Scorch                Fire           32%        2d6       9%          2
b - Passwall              Tmut/Erth      9%         N/A       19%         2
c - Beastly Appendage     Tmut           20%        N/A       13%         1
d - Wereblood             Tmut           10%        N/A       19%         2

Your spell library contained the following spells:

 Spells                   Type           Power      Damage    Failure   Level
 Sandblast                Erth           22%        2d7       12%         1
 Animate Skeleton         Necr           2%         N/A       41%         1
 Pain                     Necr           4%         1d4       41%         1
 Stone Arrow              Conj/Erth      12%        3d7       56%         3
 Spider Form              Tmut/Pois      3%         N/A       58%         3
 Vampiric Draining        Necr           0%         2d6       80%         3
 Agony                    Necr           1%         N/A       100%        5
 Excruciating Wounds      Necr           0%         N/A       100%        5
 Death's Door             Necr           0%         N/A       100%        9


Dungeon Overview and Level Annotations

Branches:
Dungeon (8/15)             Temple (1/1) D:6           Sewer (visited)
   Lair: D:8-11

Altars:
Ashenzari
Cheibriados
Dithmenos
Elyvilon
Fedhas
Gozag
Hepliaklqana
Kikubaaqudgha
Makhleb
Nemelex Xobeh
Okawaru
Qazlal
Ru
Sif Muna
Trog
Vehumet
Wu Jian
Xom
Yredelemnul
Zin
Lugonu

Shops:
D:6 (

Portals:
Abyss: D:6

Annotations:
D:6 2 runed translucent doors; cyclop
D:8 Maggie


Innate Abilities, Weirdness & Mutations

You have temporarily grown beastly horns and talons.


Message History

The centaur warrior hits you. You block the centaur warrior's attack.
Casting: Beastly Appendage (safe; 13% risk of failure)
Confirm with . or Enter, or press ? or * to list all spells.
Flames lash the bullfrog.
The bullfrog is lightly wounded.
The bullfrog's fire resistance burns away.
The centaur warrior hits you. The centaur warrior kicks you.
Unknown command.
Unknown command.
Unknown command.
Casting: Scorch (safe; 9% risk of failure)
Confirm with . or Enter, or press ? or * to list all spells.
Flames lash the bullfrog.
The bullfrog is burned terribly!
The bullfrog is heavily wounded.
The bullfrog hits you. The centaur warrior hits you.
The centaur warrior completely misses you.
The bullfrog hits you but does no damage.
You block the centaur warrior's attack. x2
Unknown command.
Unknown command.
Casting: Scorch (safe; 9% risk of failure)
Confirm with . or Enter, or press ? or * to list all spells.
Flames lash the centaur warrior but do no damage.
The bullfrog hits you. The centaur warrior hits you!
The centaur warrior closely misses you.
Unknown command.
Unknown command.
Casting: Scorch (safe; 9% risk of failure)
Confirm with . or Enter, or press ? or * to list all spells.
Flames lash the centaur warrior.
The centaur warrior is lightly wounded.
The centaur warrior's fire resistance burns away.
The bullfrog hits you.
* * * LOW HITPOINT WARNING * * *
The centaur warrior hits you!
* * * LOW HITPOINT WARNING * * *
The centaur warrior kicks you.
* * * LOW HITPOINT WARNING * * *
The bullfrog barely misses you. The centaur warrior hits you!
You die...

#..........
#...#######
#...###########
#..<##........#.
########.##..........
#.......†[..........(
...#######..........#
##.........#
###@F..#.##
####c..#.##
#.........#
.......######..#
......# .# ...##. .
Pc # .


You could see a centaur warrior (combustible) and a bullfrog (combustible).

Vanquished Creatures
  Prince Ribbit (D:7)
  Grinder (D:4)
  Sigmund (D:3)
  2 water moccasins
  2 orc warriors
  An ice beast (D:7)
  An ogre (D:6)
  A kobold brigand (Sewer)
  A bullfrog (D:8)
  A gnoll sergeant (D:8)
  A water moccasin zombie (D:6)
  A vampire bat (D:4)
  4 wights (D:7)
  A centaur zombie (D:5)
  An orc priest (D:7)
  3 hounds
  Crazy Yiuf (D:4)
  3 iguanas
  2 orc wizards
  A howler monkey zombie (D:7)
  5 gnolls
  9 adders
  A river rat (Sewer)
  2 white imps
  2 ufetubi
  3 worms
  3 fire bats (D:4)
  17 orcs
  2 spectral bats (D:4)
  3 bat skeletons (D:4)
  A bat zombie (D:4)
  7 endoplasms
  4 giant cockroaches
  10 goblins
  8 hobgoblins
  6 jackals
  6 quokkas
  4 ball pythons
  12 bats
  A bat simulacrum (D:4)
  5 frilled lizards
  9 kobolds
  10 rats
160 creatures vanquished.

Vanquished Creatures (others)
  An orc wizard (D:6)
  9 fungi (D:8)
  8 plants (D:8)
18 creatures vanquished.

Grand Total: 178 creatures vanquished

Notes
Turn   | Place    | Note
-------+----------+-------------------------------------------
     0 | D:1      | 1994 the Human Cinder Acolyte began the quest for the Orb.
     0 | D:1      | Reached XP level 1. HP: 18/18 MP: 2/2
   261 | D:1      | Reached XP level 2. HP: 24/24 MP: 3/3
   490 | D:1      | Learned a level 2 spell: Scorch
   832 | D:1      | Reached XP level 3. HP: 26/29 MP: 4/4
  1015 | D:2      | Found a sparkling altar of Nemelex Xobeh.
  1180 | D:2      | Got the Catalogue of Poisoning and Sinister Arts
  1489 | D:2      | Reached XP level 4. HP: 36/36 MP: 1/6
  1695 | D:2      | Reached skill level 1 in Dodging
  1945 | D:2      | Reached XP level 5. HP: 42/42 MP: 4/7
  2669 | D:3      | Reached skill level 1 in Shields
  2725 | D:3      | Found a faded altar of an unknown god.
  2759 | D:3      | Noticed Sigmund
  2775 | D:3      | Killed Sigmund
  2776 | D:3      | Reached XP level 6. HP: 15/48 MP: 1/9
  3394 | D:4      | Found a glowing drain.
  3509 | Sewer    | Entered a sewer
  3682 | Sewer    | Reached XP level 7. HP: 53/55 MP: 10/10
  3779 | Sewer    | Found a white marble altar of Elyvilon.
  3834 | D:4      | Learned a level 2 spell: Passwall
  4406 | D:4      | Noticed Grinder
  4419 | D:4      | Killed Grinder
  4528 | D:4      | Found a runed translucent door.
  4529 | D:4      | Noticed Crazy Yiuf
  4535 | D:4      | Killed Crazy Yiuf
  4536 | D:4      | Reached skill level 5 in Polearms
  4891 | D:4      | Reached skill level 1 in Transmutations
  4891 | D:4      | Reached skill level 1 in Earth Magic
  4891 | D:4      | Reached XP level 8. HP: 17/61 MP: 1/11
  4946 | D:3      | Reached skill level 5 in Fighting
  5660 | D:5      | Entered Level 5 of the Dungeon
  5825 | D:5      | Found a stormy altar of Qazlal.
  6075 | D:5      | Found a bloodstained altar of Trog.
  6692 | D:6      | Noticed a cyclops
  7465 | D:6      | Found a staircase to the Ecumenical Temple.
  7507 | Temple   | Entered the Ecumenical Temple
  7818 | D:6      | Found a one-way gate to the infinite horrors of the Abyss.
  7841 | D:6      | Found Tim Ceuder's Antique Weapon Boutique.
  8070 | D:6      | Found a large runed translucent door.
  8070 | D:6      | Found a large runed translucent door.
  8132 | D:6      | Found a corrupted altar of Lugonu.
  8526 | D:7      | Noticed Prince Ribbit
  8540 | D:7      | Killed Prince Ribbit
  8541 | D:7      | Reached XP level 9. HP: 57/69 MP: 12/12
  8628 | D:7      | Learned a level 1 spell: Beastly Appendage
  8631 | D:7      | Learned a level 2 spell: Wereblood
  9043 | D:7      | Reached skill level 5 in Fire Magic
  9784 | D:8      | Noticed Maggie
 10863 | D:8      | Reached skill level 1 in Armour
 11166 | D:8      | Noticed a centaur warrior
 11178 | D:8      | Slain by a centaur warrior

Illustrated notes

Levels and vault maps discovered:
D:1:      matt_arrival_grand_opening, layout_loops_ring
D:2:      layout_loops_corners, basic_altar, minmay_joined_circles
D:3:      layout_basic, chequers_ecumenical_altar_simple,
          minmay_randomly_rotated_circles, uniq_sigmund
D:4:      layout_basic, gup_sewer_entry_glass, minivault_5,
          hangedman_abyss_or_decor_lesser_grid, goddamned_bats,
          uniq_crazy_yiuf_cottage, uniq_grinder
D:5:      layout_loops_ring, nicolae_qazlal_scattered_showers, bloody_trog
D:6:      due_chaos_kobolds, layout_cave_pods, minmay_temple_entry_butterflies,
          serial_shops, shop, grunt_decor_cap
D:7:      layout_gridville, uniq_prince_ribbit1
D:8:      layout_rooms, nicolae_uskayaw_murder_on_the_dancefloor,
          grunt_lair_entry_orc_guard_hut, serial_ice, serial_ice_d,
          serial_ice_f, serial_ice_g, serial_ice_m, uniq_maggie
Temple:   nicolae_temple_no_exploring_needed

Skill      XL: |  1  2  3  4  5  6  7  8  9 |
---------------+----------------------------+-----
Dodging        | 1 2 3 |  3.1
Shields        | 1 2 3 4 |  4.0
Polearms       | 4 5 6 |  6.8
Fighting       | 4 6 |  6.7
Spellcasting   | 2 |  2.0
Fire Magic     | 4 5 |  5.0
Transmutations | 1 2 3 |  3.1
Earth Magic    | 1 2 3 |  3.2
Armour         | 1 |  1.1

Action                   |  1- 3 |  4- 6 |  7- 9 || total
-------------------------+-------+-------+-------++-------
Melee: Spear             |    78 |   148 |   233 ||   459
       Short sword       |       |       |    16 ||    16
       Dagger            |       |       |     1 ||     1
 Cast: Scorch            |     6 |    27 |   117 ||   150
       Beastly Appendage |       |       |     2 ||     2
Evoke: Wand              |       |       |     1 ||     1
  Use: Scroll            |       |       |    10 ||    10
 Stab: Sleeping          |       |     1 |       ||     1
Armor: Robe              |     7 |     6 |       ||    13
       Leather armour    |       |    12 |    89 ||   101
       Ring mail         |       |       |    17 ||    17
Dodge: Dodged            |    22 |    51 |   192 ||   265
Block: Buckler           |       |    10 |    73 ||    83

Table legend: (Time is in decaauts)
 A = Elapsed time spent in this place.
 B = Non-inter-level travel time spent in this place.
 C = Inter-level travel time spent in this place.
 D = Time resting spent in this place.
 E = Time spent auto-exploring this place.
 F = Levels seen in this place.
 G = Mean time per level.
                   A        B        C        D        E       F      G
               +--------+--------+--------+--------+--------+-----+--------+
         Total |  11192 |  10846 |    346 |   4082 |   4746 |  10 | 1119.2 |
       Dungeon |  10672 |  10326 |    346 |   3840 |   4651 |   8 | 1334.0 |
        Temple |    158 |    158 |      0 |    149 |      0 |   1 |  158.0 |
         Sewer |    361 |    361 |      0 |     92 |     95 |   1 |  361.0 |
               +--------+--------+--------+--------+--------+-----+--------+

Top non-repeatable levels by time:
     D:7: 2381 daAuts
     D:4: 1730 daAuts
     D:5: 1440 daAuts
     D:6: 1332 daAuts
     D:3: 1319 daAuts
     D:2: 1293 daAuts
     D:1: 980 daAuts
   Sewer: 361 daAuts
     D:8: 194 daAuts
  Temple: 158 daAuts
